 Dungeon Crawl Stone Soup version 0.27.1-1-g398f81649c (webtiles) character file.

Game seed: 8736332175214764940

79 JBAR the Poker (level 4, -2/34 HPs)
             Began as a Merfolk Gladiator on Sept 15, 2021.
             Was a Believer of Ru.
             Slain by a rat (3 damage)
             ... on level 3 of the Dungeon.
             The game lasted 00:03:29 (1364 turns).

JBAR the Poker (Merfolk Gladiator)                  Turns: 1364, Time: 00:03:30

Health: -2/34      AC:  4    Str: 15    XL:     4   Next: 37%
Magic:  1/1        EV: 13    Int:  7    God:    Ru [**....]
Gold:   121        SH:  0    Dex: 15    Spells: 3/3 levels left

rFire    x . .     SeeInvis .   h - +3 glaive (antimagic)
rCold    x . .     Faith    .   (shield currently unavailable)
rNeg     . . .     Spirit   .   b - +0 leather armour
rPois    .         Reflect  .   c - +0 helmet
rElec    .         Harm     .   (no cloak)
rCorr    .         Rampage  .   (no gloves)
Will     .....                  (no boots)
Stlth    +.........             (no amulet)
HPRegen  0.11/turn              (no ring)
MPRegen  0.07/turn              (no ring)

@: no status effects
A: temperature sensitive, (nimble swimmer 2), mertail
a: Renounce Religion


You were on level 3 of the Dungeon.
You worshipped Ru.
Ru was pleased with you.
You visited 1 branch of the dungeon, and saw 3 of its levels.

You collected 121 gold pieces.

Inventory:

Hand Weapons
 h - a +3 antimagic glaive (weapon)
Missiles
 d - 3 throwing nets (quivered)
Armour
 b - a +0 leather armour (worn)
 c - a +0 helmet (worn)
Scrolls
 e - a scroll of magic mapping
 m - a scroll of teleportation
Potions
 f - a potion of attraction
 g - a potion of brilliance


   Skills:
 + Level 2.6 Fighting
 * Level 6.1 Polearms
 + Level 2.0 Throwing
 + Level 0.1 Armour
 * Level 5.0 Dodging


You had 3 spell levels left.
You didn't know any spells.
Your spell library contained the following spells:

 Spells                   Type           Power      Damage    Failure   Level
 Dazzling Flash           Conj/Hex       0%         N/A       86%         3
 Agony                    Necr           0%         N/A       100%        5
 Silence                  Hex/Air        0%         N/A       100%        5


Dungeon Overview and Level Annotations

Branches:
Dungeon (3/15)

Altars:
Ru

Annotations:
D:3 Sigmund


Innate Abilities, Weirdness & Mutations

You are sensitive to extremes of temperature. (rF-, rC-)
((You are quick and stealthy near water. (Stealth+, EV+, Speed+++)))
Your lower body shifts to a powerful aquatic tail in water.


Message History

You slash Terence!
Terence is severely wounded.
Terence hits you with a +0 flail! x2
You are too injured to fight recklessly!
You are too injured to fight recklessly!
Okay, then.
Reach: h) +3 glaive (antimagic)
Press: ? - help, Dir - move target, f/p - Terence
Aim: Terence, wielding a +0 flail and wearing a +0 chain mail (severely wounded, about 33% to evade your +3 antimagic glaive)
You barely miss Terence.
Terence is severely wounded.
Terence completely misses you. Sigmund misses you.
Reach: h) +3 glaive (antimagic)
Press: ? - help, Dir - move target, f/p - Terence
Aim: Terence, wielding a +0 flail and wearing a +0 chain mail (severely wounded, about 33% to evade your +3 antimagic glaive)
You hit Terence.
Terence is severely wounded.
Terence hits you with a +0 flail!
* * * LOW HITPOINT WARNING * * *
Sigmund says, "I'm your fate." Sigmund barely misses you. Terence misses you.
You hit Terence.
You kill Terence!
Sigmund barely misses you.
Your Polearms skill increases to level 6!
You have reached level 4!
Reach: h) +3 glaive (antimagic)
Press: ? - help, Dir - move target, f - Sigmund
Aim: Sigmund, wielding a +0 scythe and wearing a +1 robe of willpower (about 43% to evade your +3 antimagic glaive)
You reach to attack!
You closely miss Sigmund. The rat bites you.
* * * LOW HITPOINT WARNING * * *
Sigmund giggles. "Time to reap what you sow."
Sigmund closely misses you.
Reach: h) +3 glaive (antimagic)
Press: ? - help, Dir - move target, f/p - Sigmund
Aim: Sigmund, wielding a +0 scythe and wearing a +1 robe of willpower (about 43% to evade your +3 antimagic glaive)
You reach to attack!
You hit Sigmund.
Sigmund's magic leaks into the air.
Sigmund is lightly wounded.
The rat closely misses you. The rat bites you.
You die...

.. #.....).#.#...†......
## #.......#.#..........
#...#................ .#
##..#...#..........#.
..<##..#†....#.#..#.#.#.
......(..#.#....#...#.
##.#.#..#..#.#.##.##..##
...............##. #...
.###)@.?....(.. ....
#......r...##### ##.
######.@.......
#......... ##...$....#
#.......^# #......#..
#..!...#


You could see Sigmund and a rat.

Vanquished Creatures
  Terence (D:3)
  A hound skeleton (D:3)
  An adder (D:2)
  2 dart slugs (D:2)
  4 endoplasms
  4 goblins
  A hobgoblin (D:1)
  A quokka (D:2)
  5 ball pythons
  2 frilled lizards (D:1)
  3 kobolds (D:2)
  3 rats
28 creatures vanquished.

Notes
Turn   | Place    | Note
-------+----------+-------------------------------------------
     0 | D:1      | JBAR the Merfolk Gladiator began the quest for the Orb.
     0 | D:1      | Reached XP level 1. HP: 16/16 MP: 1/1
   171 | D:1      | Reached XP level 2. HP: 22/22 MP: 2/2
   187 | D:1      | Reached skill level 5 in Polearms
   193 | D:1      | Found a faded altar of an unknown god.
   203 | D:1      | Became a worshipper of Ru the Awakened
   218 | D:1      | Gained mutation: You are sensitive to extremes of
                  | temperature. (rF-, rC-) [Ru sacrifice]
   218 | D:1      | Reached * piety under Ru
   218 | D:1      | Reached ** piety under Ru
   872 | D:2      | Reached XP level 3. HP: 27/27 MP: 3/3
  1239 | D:3      | Reached skill level 5 in Dodging
  1343 | D:3      | Identified a scroll of acquirement
  1344 | D:3      | Acquired a +3 antimagic glaive
  1354 | D:3      | Noticed Terence
  1355 | D:3      | Noticed Sigmund
  1361 | D:3      | HP: 1/27 [Terence (11)]
  1362 | D:3      | Killed Terence
  1363 | D:3      | Reached skill level 6 in Polearms
  1363 | D:3      | Reached XP level 4. HP: 2/34 MP: 1/4
  1364 | D:3      | Slain by a rat

Illustrated notes

Levels and vault maps discovered:
D:1:      minmay_arrival_checkered_box, layout_loops_ring,
          chequers_ecumenical_altar_simple_redux
D:2:      layout_loops_ring, serial_bayou_crossing
D:3:      layout_basic, uniq_sigmund, uniq_terence

Skill      XL: |  1  2  3 |
---------------+----------+-----
Polearms       | 5 6 |  6.1
Dodging        | 5 |  5.0
Fighting       | |  2.6
Throwing       | |  2.0
Armour         | |  0.1

Action                   |  1- 3 |  4- 6 || total
-------------------------+-------+-------++-------
Melee: Trident           |    61 |       ||    61
       Glaive            |     7 |     2 ||     9
Invok: Sacrifice Resista |     1 |       ||     1
  Use: Scroll            |     7 |       ||     7
       Potion            |     3 |       ||     3
 Stab: Sleeping          |     1 |       ||     1
Armor: Leather armour    |    12 |       ||    12
Dodge: Dodged            |    29 |     2 ||    31
